AoeStats
← 739697286

Arena

508651657Analyzed
4v4 RM · 10d ago on Sep 23, 2026· 52m 48s· 8 players
Game mode
Random Map
Map size
Large (8 player)
Population
200
Speed
Normal
Resources
Standard
Victory
Conquest
Starting age
Dark Age
Ending age
Imperial Age
RankedLock teamsTeams togetherTeam positionsShared explorationLock speedFull tech treeHidden civsTurbo modeCheats
Victory
Defeat
🇨🇳 Franks · China
1499
+15
🇨🇳 Persians · China
1482
+16
🇨🇳 Varangians · China
1472
+16
🇨🇳 Britons · China
1463
+17
🇭🇰 Danes · Hong Kong SAR China
1591
-20
🇫🇷 Saracens · France
1479
-16
🇭🇰 Franks · Hong Kong SAR China
1460
-15
🇵🇹 Gurjaras · Portugal
1395
-13
梅子雨
10:14 Feudal Age
11:07 Double-Bit Axe
13:53 Castle Age
11:39 Horse Collar
15:03 Bow Saw
23:38 Heavy Plow
27:28 Wheelbarrow
29:39 Imperial Age
27:30 Stone Mining
27:34 Loom
27:36 Town Watch
28:38 Gold Mining
29:57 Scale Barding Armor
30:41 Hand Cart
30:40 Forging
31:07 Bloodlines
30:35 Cavalier
32:06 Conscription
32:17 Chain Barding Armor
32:33 Iron Casting
32:30 Husbandry
33:40 Plate Barding Armor
35:17 Blast Furnace
34:17 Scale Mail Armor
35:20 Two-Man Saw
34:58 Crop Rotation
34:23 Pikeman
35:03 Squires
34:49 Arson
35:28 Halberdier
37:50 Chemistry
39:03 Chain Mail Armor
38:48 Padded Archer Armor
38:39 Fletching
39:32 Citadels
40:33 Plate Mail Armor
40:19 Leather Archer Armor
41:35 Light Cavalry
42:19 Hussar
42:23 Savar
46:14 Ballistics
王德发
8:54 Feudal Age
13:44 Castle Age
11:58 Double-Bit Axe
21:17 Fletching
24:34 Horse Collar
25:06 Bodkin Arrow
25:10 Crossbowman
27:08 Padded Archer Armor
27:32 Ballistics
28:33 Masonry
31:23 Imperial Age
29:55 Leather Archer Armor
30:25 Bow Saw
31:25 Arbalester
32:09 Bracer
33:27 Chemistry
37:02 Heavy Plow
38:39 Warwolf
42:09 Pikeman
45:54 Arson
49:32 Caravan
50:35 Conscription
50:05 Town Watch
50:55 Wheelbarrow
50:58 Squires
50:59 Scale Mail Armor
51:09 Forging
52:38 Yeomen
53:06 Ring Archer Armor
53:38 Chain Mail Armor
53:58 Iron Casting
'Pyc_Hawk' = cryer
9:53 Feudal Age
10:47 Double-Bit Axe
13:43 Castle Age
11:27 Horse Collar
15:24 Wheelbarrow
17:21 Loom
19:49 Bow Saw
21:46 Heavy Plow
23:24 Gold Mining
23:24 Stone Mining
24:36 Hand Cart
28:20 Imperial Age
26:16 Fletching
27:04 Bodkin Arrow
27:10 Padded Archer Armor
27:31 Ballistics
27:53 Town Watch
28:27 Bloodlines
28:17 Husbandry
29:17 Bracer
31:17 Chemistry
30:35 Leather Archer Armor
29:50 Cranequins
30:46 Scale Barding Armor
30:09 Light Cavalry
31:16 Heavy Mounted Crossbowman
32:10 Forging
34:11 Ring Archer Armor
33:37 Elite Skirmisher
35:45 Chain Barding Armor
36:00 Iron Casting
38:51 Hussar
40:08 Plate Barding Armor
40:33 Blast Furnace
40:41 Siege Engineers
40:46 Masonry
40:18 Treadmill Crane
40:50 Fortified Wall
42:56 Two-Man Saw
43:10 Caravan
44:00 Guilds
44:21 Coinage
45:49 Architecture
46:12 Conscription
46:07 Capped Ram
47:18 Siege Ram
50:19 Siege Ram
739697286
11:01 Feudal Age
14:58 Castle Age
14:14 Double-Bit Axe
15:49 Bow Saw
16:21 Gold Mining
20:42 Loom
21:53 Wheelbarrow
24:14 Gold Shaft Mining
25:09 Forging
25:04 Scale Barding Armor
25:09 Forging
25:04 Scale Barding Armor
25:09 Forging
25:05 Scale Barding Armor
25:10 Forging
25:05 Scale Barding Armor
25:10 Forging
25:05 Scale Barding Armor
25:10 Forging
25:05 Scale Barding Armor
25:10 Forging
25:05 Scale Barding Armor
25:11 Forging
25:03 Stone Mining
26:06 Hand Cart
28:42 Imperial Age
26:57 Scale Mail Armor
27:32 Iron Casting
26:58 Scale Mail Armor
27:33 Iron Casting
26:58 Scale Mail Armor
27:33 Iron Casting
26:58 Scale Mail Armor
27:33 Iron Casting
26:58 Scale Mail Armor
27:18 Chain Barding Armor
27:34 Iron Casting
26:59 Scale Mail Armor
27:19 Chain Barding Armor
26:51 Fletching
27:01 Padded Archer Armor
26:51 Fletching
27:01 Padded Archer Armor
26:51 Fletching
27:31 Husbandry
26:52 Light Cavalry
28:56 Chain Mail Armor
28:36 Pikeman
29:17 Squires
28:53 Cavalier
30:41 Chemistry
30:14 Halberdier
33:07 Blast Furnace
32:37 Plate Mail Armor
33:07 Blast Furnace
32:38 Plate Mail Armor
33:08 Blast Furnace
35:05 Conscription
35:24 Hoardings
34:58 Elite Throwing Axeman
35:01 Ordonnance Companies
39:30 Caravan
43:16 Elite Skirmisher
45:22 Leather Archer Armor
牛油果
11:11 Feudal Age
14:50 Castle Age
13:05 Double-Bit Axe
13:29 Horse Collar
15:46 Bow Saw
15:36 Heavy Plow
22:27 Wheelbarrow
26:35 Imperial Age
23:51 Loom
24:40 Town Watch
27:18 Fletching
27:19 Gold Mining
27:23 Stone Mining
33:37 Conscription
33:23 Scale Mail Armor
33:33 Forging
33:28 Squires
32:49 Pikeman
34:21 Halberdier
36:13 Chain Mail Armor
36:37 Onager
38:51 Plate Mail Armor
39:42 Iron Casting
40:50 Capped Ram
42:48 Hand Cart
42:09 Siege Ram
42:49 Arson
45:23 Blast Furnace
44:10 Gambesons
44:45 Man-at-Arms
47:49 Chemistry
47:12 Ballistics
JOK3R_LSR
10:23 Feudal Age
14:03 Castle Age
12:09 Double-Bit Axe
16:26 Bow Saw
19:55 Wheelbarrow
19:08 Loom
19:10 Town Watch
20:43 Stone Mining
20:37 Horse Collar
22:00 Hand Cart
23:42 Gold Mining
24:35 Heavy Plow
25:13 Gold Shaft Mining
26:12 Scale Barding Armor
26:18 Forging
28:44 Imperial Age
28:02 Chain Barding Armor
28:56 Iron Casting
30:10 Plate Barding Armor
31:12 Blast Furnace
29:46 Elite Mameluke
30:50 Bloodlines
30:40 Husbandry
31:32 Town Patrol
36:24 Fletching
39:05 Bodkin Arrow
39:09 Murder Holes
39:35 Ballistics
40:15 Chemistry
39:26 Masonry
39:10 Light Cavalry
39:52 Bracer
40:33 Hussar
Fu
10:48 Feudal Age
14:57 Castle Age
13:03 Double-Bit Axe
13:36 Horse Collar
16:18 Bow Saw
22:50 Heavy Plow
23:34 Wheelbarrow
23:50 Gold Mining
28:34 Imperial Age
26:23 Fletching
26:33 Padded Archer Armor
27:13 Ballistics
27:19 Hand Cart
27:34 Bodkin Arrow
27:33 Loom
28:17 Thumb Ring
28:46 Leather Archer Armor
28:44 Elite Elephant Archer
30:18 Conscription
30:44 Bracer
31:22 Crop Rotation
32:23 Chemistry
33:00 Kshatriyas
33:52 Siege Elephant
34:59 Bloodlines
34:50 Husbandry
40:13 Gold Shaft Mining
39:30 Stone Mining
39:44 Onager
44:10 Elite Skirmisher
46:10 Scale Barding Armor
46:15 Forging
46:36 Town Watch
47:37 Caravan
48:51 Masonry
馬仔
11:16 Feudal Age
9:40 Loom
12:51 Double-Bit Axe
15:46 Castle Age
14:37 Gold Mining
17:29 Wheelbarrow
17:52 Bow Saw
29:13 Imperial Age
26:49 Town Watch
27:27 Scale Barding Armor
27:34 Forging
28:53 Hand Cart
29:01 Chain Barding Armor
29:12 Stone Mining
29:25 Husbandry
30:02 Iron Casting
29:31 Cavalier
30:47 Plate Barding Armor
30:54 Paladin
32:02 Conscription
32:32 Gold Shaft Mining
33:42 Blast Furnace
36:52 Coinage
36:58 Scale Mail Armor
39:30 Chivalry
40:07 Caravan
41:55 Light Cavalry
46:32 Chain Mail Armor
46:41 Ballistics
Connection lost

Rejoining the realm…

Still unreachable

The connection could not be restored.

Session expired

The server has moved on; the page needs a fresh start.